 Dungeon Crawl Stone Soup version 0.31-a0-165-g3f4f80340b (webtiles) character file.

Game seed: 11792659413248711564

202 qw the Shooter (level 5, -2/45 HPs)
             Began as a Naga Hunter on June 13, 2023.
             Slain by a gnoll
             ... wielding a +0 halberd
              (12 damage)
             ... on level 2 of the Dungeon.
             The game lasted 00:00:24 (996 turns).

qw the Shooter (Naga Hunter)                         Turns: 996, Time: 00:00:24

Health: -2/45      AC:  9    Str: 13    XL:     5   Next: 80%
Magic:  5/5        EV:  7    Int:  9    God:
Gold:   22         SH:  0    Dex: 17    Spells: 4/4 levels left

rFire   . . .        Y - +0 shortbow
rCold   . . .        (shield currently unavailable)
rNeg    . . .        c - +0 leather armour
rPois   +            b - +0 helmet
rElec   .            (no cloak)
rCorr   .            (no gloves)
SInv    +            i - +1 barding
Will    .....        (no amulet)
Stlth   ++           (no ring)
HPRegen 0.27/turn    (no ring)
MPRegen 0.09/turn

%: no passive effects
@: very slow
A: AC +1, large, see invisible, deformed body, poison resistance, slowness 2,
spit poison 1, naga tail 1
a: Spit Poison


You were on level 2 of the Dungeon.
You visited 1 branch of the dungeon, and saw 2 of its levels.

You collected 50 gold pieces.
You spent 28 gold pieces at shops.


Innate Abilities, Weirdness & Mutations

Your serpentine skin is tough. (AC +1)
You have supernaturally acute eyesight. (SInv)
Armour fits poorly on your strangely shaped body.
Your system is resistant to poisons. (rPois)
You cover ground very slowly.
You can spit poison.
You have a snake-like lower body.


   Skills:
 - Level 2.0 Fighting
 - Level 6.2 Ranged Weapons
 + Level 0.0 Armour
 - Level 1.5 Dodging
 - Level 1.5 Stealth


You had 4 spell levels left.
You didn't know any spells.
Your spell library was empty.

Inventory:

Hand Weapons
 Y - a +0 shortbow (weapon)
Armour
 b - a +0 helmet (worn)
 c - a +0 leather armour (worn)
 i - a +1 barding (worn)
Scrolls
 a - 2 scrolls of identify
Potions
 d - a potion of mutation {unknown}

Dungeon Overview and Level Annotations

Branches:
Dungeon (2/15)

Altars:
Hepliaklqana

Shops:
D:2 ?

Annotations:
D:2 exclusion: gnoll


Message History

The gnoll hits you from afar with a +0 halberd!
The gnoll hits you but does no damage.
You shoot an arrow. The arrow closely misses the gnoll.
The gnoll hits you but does no damage.
You shoot an arrow. The arrow hits the gnoll.
The gnoll is severely wounded.
The gnoll closely misses you.
You shoot an arrow. The arrow barely misses the gnoll.
The gnoll hits you from afar with a +0 halberd.
You shoot an arrow. The arrow barely misses the gnoll.
The gnoll hits you from afar with a +0 halberd!
Enter note:
984 ||| UPGRADING to +0 helmet.
You have got your breath back.
Keep equipping yourself?
The gnoll hits you from afar with a +0 halberd!
You start putting on your armour.
You continue putting on your +0 helmet.
The gnoll barely misses you.
You continue putting on your +0 helmet.
The gnoll closely misses you.
You continue putting on your +0 helmet.
The gnoll hits you but does no damage.
You continue putting on your +0 helmet.
The gnoll closely misses you.
You finish putting on your +0 helmet.
Enter note:
Enter note:
Enter note:
Enter note:
Enter note:
Enter note:
Enter note: A gnoll comes into view. It is wielding a +0 club.
The gnoll hits you from afar with a +0 halberd.
The gnoll barely misses you.
995 ||| Stepping ~*~*~tactically~*~*~ (outnumbered).
The gnoll hits you from afar with a +0 halberd.
996 ||| FLEEEEING.
The gnoll hits you from afar with a +0 halberd!
You die...

##.######
#(..#.#.###.#
##.#\.#
###..#:..## #.#
#.##.#
........## #.#
#....#
###...#.#####.##
######
##.......)....
#.#.#.####.#.
####..........#
#
....##....###.#
# ##....@#.....#
# ####....#####
# #g#.## #
#K#..# #g##.#
#r##.# # #.##.#
# #.##.# #
#r##.#


You could see 2 gnolls, a kobold and a rat.

Vanquished Creatures
  Sigmund (D:2)
  A worm (D:2)
  A dart slug (D:1)
  2 ball pythons
  2 endoplasms (D:1)
  5 giant cockroaches
  A hobgoblin (D:1)
  3 quokkas
  2 bats
  3 goblins
  7 rats
28 creatures vanquished.

Notes
Turn   | Place    | Note
-------+----------+-------------------------------------------
     0 | D:1      | qw the Naga Hunter began the quest for the Orb.
     0 | D:1      | Reached XP level 1. HP: 19/19 MP: 1/1
     0 | D:1      | 0 ||| qw: Version: 0.2-a-29-gc1b59c4
     0 | D:1      | 0 ||| qw: Game counter: 4769
     0 | D:1      | 0 ||| qw: Always use a shield: true
     0 | D:1      | 0 ||| qw: God list: Okawaru
     0 | D:1      | 0 ||| qw: Allow faded altars: false
     0 | D:1      | 0 ||| qw: Do Orc after D:15 true
     0 | D:1      | 0 ||| qw: Do second Lair branch before Depths: true
     0 | D:1      | 0 ||| qw: Lair rune preference: random
     0 | D:1      | 0 ||| qw: Plans: Normal
     0 | D:1      | 0 ||| PLANNING D:1-11
    30 | D:1      | Found a faded altar of an unknown god.
    51 | D:1      | 51 ||| INVOKING Spit Poison.
   107 | D:1      | 107 ||| INVOKING Spit Poison.
   153 | D:1      | 153 ||| INVOKING Spit Poison.
   207 | D:1      | 207 ||| INVOKING Spit Poison.
   208 | D:1      | Reached skill level 4 in Ranged Weapons
   208 | D:1      | Reached XP level 2. HP: 26/26 MP: 2/2
   217 | D:1      | 217 ||| INVOKING Spit Poison.
   225 | D:1      | 225 ||| INVOKING Spit Poison.
   232 | D:1      | 232 ||| INVOKING Spit Poison.
   255 | D:1      | 255 ||| INVOKING Spit Poison.
   422 | D:1      | 422 ||| INVOKING Spit Poison.
   456 | D:1      | 456 ||| INVOKING Spit Poison.
   572 | D:1      | 572 ||| UPGRADING to +1 barding.
   577 | D:1      | 577 ||| READING scroll labelled INLE RENKEX.
   578 | D:1      | 578 ||| READING scroll labelled NAH ELEFRAL.
   582 | D:1      | 582 ||| READING scroll labelled POAGOSAWAG.
   583 | D:1      | 583 ||| READING scroll labelled PUNGUR CAG BYMM.
   584 | D:1      | 584 ||| READING scroll labelled HUOSENI HETEPH.
   585 | D:1      | 585 ||| DRINKING 2 yellow potions.
   586 | D:1      | 586 ||| DROPPING scroll of butterflies.
   618 | D:2      | 618 ||| INVOKING Spit Poison.
   663 | D:2      | 663 ||| INVOKING Spit Poison.
   672 | D:2      | 672 ||| INVOKING Spit Poison.
   673 | D:2      | Found a hazy altar of Hepliaklqana.
   676 | D:2      | Reached XP level 3. HP: 32/32 MP: 3/3
   721 | D:2      | 721 ||| INVOKING Spit Poison.
   756 | D:2      | 756 ||| INVOKING Spit Poison.
   787 | D:2      | Found Riubutim's Magic Scroll Emporium.
   792 | D:2      | 792 ||| SHOPLISTING scroll of enchant weapon (105 gold,
                  | have 41).
   792 | D:2      | 792 ||| BUYING scroll of identify (28 gold).
   792 | D:2      | Bought a scroll of identify for 28 gold pieces
   792 | D:2      | 792 ||| SHOPLISTING scroll of identify (28 gold, have 13).
   792 | D:2      | 792 ||| SHOPLISTING scroll of teleportation (42 gold, have
                  | 13).
   825 | D:2      | 825 ||| INVOKING Spit Poison.
   841 | D:2      | 841 ||| INVOKING Spit Poison.
   875 | D:2      | Noticed Sigmund
   883 | D:2      | 883 ||| INVOKING Spit Poison.
   886 | D:2      | 886 ||| DRINKING potion of curing.
   886 | D:2      | 886 ||| (to cure confusion)
   887 | D:2      | Killed Sigmund
   888 | D:2      | Reached skill level 6 in Ranged Weapons
   888 | D:2      | Reached XP level 4. HP: 33/39 MP: 4/4
   888 | D:2      | Reached XP level 5. HP: 39/45 MP: 5/5
   888 | D:2      | 888 ||| INVOKING Spit Poison.
   895 | D:2      | 895 ||| INVOKING Spit Poison.
   899 | D:2      | 899 ||| INVOKING Spit Poison.
   978 | D:2      | 978 ||| INVOKING Spit Poison.
   984 | D:2      | 984 ||| UPGRADING to +0 helmet.
   995 | D:2      | 995 ||| Stepping ~*~*~tactically~*~*~ (outnumbered).
   995 | D:2      | HP: 10/45 [gnoll/+0 halberd (4)]
   996 | D:2      | 996 ||| FLEEEEING.
   996 | D:2      | Slain by a gnoll

Levels and vault maps discovered:
D:1:      lightli_arrival_statuegarden, layout_loops_ring,
          basic_ecumenical_altar
D:2:      layout_loops_ring, serial_shops, nicolae_shop_back_alley_shop,
          basic_altar, uniq_terence, uniq_sigmund

Skill      XL: |  1  2  3 |
---------------+----------+-----
Ranged Weapons | 4 6 |  6.2
Fighting       | |  2.0
Dodging        | |  1.5
Stealth        | |  1.5

Action                     |  1- 3 |  4- 6 || total
---------------------------+-------+-------++-------
   Fire: Shortbow          |    37 |    14 ||    51
Ability: Spit Poison       |    18 |     4 ||    22
    Use: Scroll            |     5 |       ||     5
         Potion            |     2 |       ||     2
 Armour: Leather armour    |       |     6 ||     6
  Dodge: Dodged            |     1 |    10 ||    11

Table legend:
 A = Non-vault XP
 B = Vault XP
 C = Vault XP percentage of total XP
 D = Non-vault monster count
 E = Vault monster count
 F = Vault count percentage of total count
                 A         B        C        D         E       F
            +---------+---------+-------+---------+---------+-------
      Total |      50 |     239 |  82.7 |      27 |       1 |   3.6
            +---------+---------+-------+---------+---------+-------
        D:1 |      28 |       0 |   0.0 |      16 |       0 |   0.0
        D:2 |      22 |     239 |  91.6 |      11 |       1 |   8.3
            +---------+---------+-------+---------+---------+-------
